 Dungeon Crawl Stone Soup version 0.28.0 (webtiles) character file.

Game seed: 3424046181840484732

14 multipassport the Vexing (level 2, -2/21 HPs)
             Began as a Mummy Arcane Marksman on Feb 11, 2022.
             Slain by a jackal (3 damage)
             ... on level 1 of the Dungeon.
             The game lasted 00:04:09 (765 turns).

multipassport the Vexing (Mummy Arcane Marksman)     Turns: 765, Time: 00:04:10

Health: -2/21      AC:  2    Str: 13    XL:     2   Next: 27%
Magic:  4/4        EV: 12    Int: 12    God:
Gold:   5          SH:  0    Dex: 12    Spells: 3/4 levels left

rFire   x . .      SeeInvis .   e - +0 dagger
rCold   + . .      Faith    .   (no shield)
rNeg    + + +      Spirit   .   a - +0 robe
rPois   ∞          Reflect  .   (no helmet)
rElec   .          Harm     .   (no cloak)
rCorr   .          Rampage  .   (no gloves)
Will    .....                   (no boots)
Stlth   +.........              (no amulet)
HPRegen 0.07/turn               (no ring)
MPRegen 0.09/turn               (no ring)

@: no status effects
A: cold resistance 1, negative energy resistance 3, torment resistance 2, heat
vulnerability 1, no potions
a: no special abilities


You were on level 1 of the Dungeon.
You visited 1 branch of the dungeon, and saw 1 of its levels.

You collected 5 gold pieces.

Inventory:

Hand Weapons
 e - a +0 dagger (weapon)
Armour
 a - a +0 robe (worn)
Scrolls
 d - a scroll of teleportation {unknown}


   Skills:
 + Level 1.3 Fighting
 - Level 1.5 Throwing
 + Level 1.7 Dodging
 + Level 1.8 Spellcasting
 + Level 2.8 Hexes
 + Level 0.4 Fire Magic


You had 3 spell levels left.
You knew the following spells:

 Your Spells              Type           Power      Damage    Failure   Level
a - Slow                  Hex            28%        N/A       9%          1

Your spell library contained the following spells:

 Spells                   Type           Power      Damage    Failure   Level
 Inner Flame              Hex/Fire       5%         N/A       38%         3
 Portal Projectile        Hex/Tloc       8%         N/A       43%         3
 Cause Fear               Hex            3%         N/A       65%         4


Dungeon Overview and Level Annotations

Branches:
Dungeon (1/15)

Altars:


Innate Abilities, Weirdness & Mutations

You are immune to poison.
Your flesh is cold resistant. (rC+)
You are immune to negative energy. (rN+++)
You are immune to unholy pain and torment.
You are vulnerable to heat. (rF-)
You do not drink.


Message History

You throw a javelin.
The javelin pierces through the ball python but does no damage.
The ball python is severely wounded.
The ball python barely misses you. The ball python grabs you.
The ball python constricts you.
A jackal comes into view.
The ball python bites you. The ball python constricts you.
You closely miss the ball python.
The ball python is severely wounded.
The jackal barks!
The ball python barely misses you. The ball python constricts you.
* * * LOW HITPOINT WARNING * * *
You barely miss the ball python.
The ball python is severely wounded.
The ball python barely misses you. The ball python constricts you.
* * * LOW HITPOINT WARNING * * *
You hit the ball python.
You kill the ball python!
The jackal bites you.
* * * LOW HITPOINT WARNING * * *
You hit the jackal.
The jackal is moderately wounded.
The jackal bites you.
* * * LOW HITPOINT WARNING * * *
Throw: throwing net
Press: ? - help, Q - select action, (/) - cycle Shift-Dir - straight line, f - jackal
Aim: a jackal (moderately wounded, 47% to hit)
You throw a throwing net. The throwing net misses the jackal.
The jackal barely misses you.
An endoplasm comes into view.
The jackal barely misses you.
You closely miss the jackal.
The jackal is lightly wounded.
The jackal bites you.
* * * LOW HITPOINT WARNING * * *
The rat twitches its whiskers.
You barely miss the jackal.
The jackal is lightly wounded.
The jackal bites you.
You die...

. ## #. ####.. ##( .
#... #.(. .## ######.#
...##..# #......####
.(.#.# ###.#####†...
#.#.# ##...# #..†.
#rh.###..### ###....
##.@....## #......
#......#####..#....
#............##....
#.......#######....
#.....#...^....####
####.#...##.#####.....
#....#...##.# ######
#.#####.###.## ###.#
#.# #..#######


You could see a jackal and a rat.

Vanquished Creatures
  An endoplasm (D:1)
  A giant cockroach (D:1)
  2 hobgoblins (D:1)
  5 ball pythons (D:1)
  3 bats (D:1)
  A frilled lizard (D:1)
  A rat (D:1)
14 creatures vanquished.

Notes
Turn   | Place    | Note
-------+----------+-------------------------------------------
     0 | D:1      | multipassport the Mummy Arcane Marksman began the quest for
                  | the Orb.
     0 | D:1      | Reached XP level 1. HP: 15/15 MP: 2/2
    80 | D:1      | Found a faded altar of an unknown god.
   610 | D:1      | Reached XP level 2. HP: 14/21 MP: 4/4
   764 | D:1      | HP: 1/21 [jackal (1)]
   765 | D:1      | Slain by a jackal

Illustrated notes

Levels and vault maps discovered:
D:1:      minmay_arrival_widening_spiral_wide, layout_rooms,
          ebering_ecumenical_altar_webs, minivault_25, minmay_heptomino_w4

Action                   || total
-------------------------++-------
Melee: Unarmed           ||    33
       Dagger            ||    29
       Punch             ||     1
Throw: Javelin           ||    13
       Throwing net      ||     2
 Cast: Slow              ||     2
Armor: Robe              ||    26
Dodge: Dodged            ||    72
